 Dungeon Crawl Stone Soup version 0.23-a0-407-g92528d7 (webtiles) character file.

794 nujazz the Firebug (level 7, 0/52 HPs)
             Began as a Demonspawn Fire Elementalist on Nov 7, 2018.
             Was an Initiate of Vehumet.
             Slain by a ball python (1 damage)
             ... on level 6 of the Dungeon.
             The game lasted 00:31:49 (8030 turns).

nujazz the Firebug (Demonspawn Fire Elementalist)   Turns: 8030, Time: 00:31:49

Health: 0/52       AC:  5    Str:  8      XL:     7   Next: 58%
Magic:  4/14       EV: 11    Int: 17 (18) God:    Vehumet [......]
Gold:   364        SH:  0    Dex: 13 (14) Spells: 10/16 levels left

rFire    . . .     SeeInvis .   p - +1 hunting sling (flame)
rCold    . . .     Gourm    .   (no shield)
rNeg     . . .     Faith    .   a - +0 robe
rPois    .         Spirit   .   (helmet restricted)
rElec    .         Reflect  .   (no cloak)
rCorr    .         Harm     .   (no gloves)
MR       .....                  s - +2 pair of boots
Stlth    +++.......             (no amulet)
HPRegen  0.17/turn              (no ring)
MPRegen  0.14/turn              (no ring)

@: constricted
A: antennae 2, repulsion field 1, nightstalker 1
a: Renounce Religion


You were on level 6 of the Dungeon.
You worshipped Vehumet.
Vehumet was noncommittal.
You were not hungry.

You visited 1 branch of the dungeon, and saw 6 of its levels.

You collected 364 gold pieces.

Inventory:

Hand Weapons
 p - a +1 hunting sling of flaming (weapon)
 y - a +1 trident of protection
Missiles
 f - 42 sling bullets (quivered)
 g - 163 stones
 l - 23 poisoned needles
Armour
 a - a +0 robe (worn)
 h - a +0 leather armour
 i - a +0 ring mail
 s - a +2 pair of boots (worn)
Jewellery
 r - an uncursed amulet of regeneration {unknown}
 t - an uncursed amulet of guardian spirit {unknown}
Scrolls
 b - a scroll of identify {unknown}
 d - 2 scrolls of magic mapping {unknown}
 e - 4 scrolls of teleportation
 j - 3 scrolls of random uselessness {unknown}
 n - 2 scrolls of remove curse {unknown}
 o - a scroll of holy word {unknown}
 q - a scroll of blinking {unknown}
 w - a scroll of enchant weapon {unknown}
 x - a scroll of fog {unknown}
Potions
 k - a potion of heal wounds {unknown}
 m - a potion of magic {unknown}
 u - a potion of ambrosia {unknown}
 v - a potion of curing {unknown}
Comestibles
 c - 4 rations
 z - 3 chunks of flesh


   Skills:
 + Level 3.3 Fighting
 - Level 1.9 Dodging
 - Level 1.9 Stealth
 * Level 5.1 Spellcasting
 - Level 1.0 Conjurations
 * Level 5.7 Fire Magic


You had 10 spell levels left.
You knew the following spells:

 Your Spells              Type           Power        Failure   Level  Hunger
a - Flame Tongue          Conj/Fire      ###..        3%          1    None
b - Conjure Flame         Conj/Fire      ###.....     11%         3    ###....
c - Throw Flame           Conj/Fire      ###...       5%          2    #......

Your spell library contained the following spells:

 Spells                   Type           Power        Failure   Level  Hunger
 Inner Flame              Hex/Fire       ##......     13%         3    ###....
 Sticky Flame             Conj/Fire      ###.....     34%         4    ####...
 Fireball                 Conj/Fire      ###.......   69%         5    ######.


Dungeon Overview and Level Annotations

Branches:
Dungeon (6/15)             Temple (0/1) D:5

Altars:
Gozag
Vehumet
Wu Jian
Xom

Annotations:
D:4 2 transporters, Crazy Yiuf; Loudmushroom's ghost, amateur GrFi


Innate Abilities, Weirdness & Mutations

You have a pair of antennae on your head.
You are surrounded by a mild repulsion field. (EV +2)
You are slightly more attuned to the shadows.


Message History

Casting: Flame Tongue (safe; 3% risk of failure)
Confirm with . or Enter, or press ? or * to list all spells.
Aiming: Flame Tongue (safe; 3% risk of failure)
Press: ? - help, Shift-Dir - straight line, f/p - orc priest
Aim: an orc priest, wielding a +2 short sword of speed (almost dead)
The flame tongue hits the orc warrior.
The orc warrior appears unharmed.
The orc warrior is heavily wounded.
The ball python bites you but does no damage.
* * * LOW HITPOINT WARNING * * *
The ball python constricts you.
The orc warrior hits you but does no damage.
Casting: Flame Tongue (safe; 3% risk of failure)
Confirm with . or Enter, or press ? or * to list all spells.
Aiming: Flame Tongue (safe; 3% risk of failure)
Press: ? - help, Shift-Dir - straight line, f/p - orc priest
Aim: an orc priest, wielding a +2 short sword of speed (almost dead)
The flame tongue hits the orc warrior.
The orc warrior appears unharmed.
The orc warrior is heavily wounded.
The ball python bites you but does no damage.
You die...

..##
#...
#(.
#.(
#o#
#o#
#@#
#S#{
.o#
####


You could see an orc warrior, an orc priest, an orc and a ball python.

Vanquished Creatures
  2 ogres (D:5)
  2 hounds
  A jelly (D:5)
  3 orc priests (D:4)
  3 orc wizards (D:4)
  An iguana (D:4)
  2 worker ants
  A hound skeleton (D:5)
  7 gnolls
  6 adders
  A shadow imp (D:5)
  3 worms
  A dart slug (D:3)
  8 leopard geckos
  18 orcs
  4 ball pythons
  8 bats
  6 giant cockroaches
  6 goblins
  13 hobgoblins
  13 jackals
  3 frilled lizards
  A jackal skeleton (D:4)
  6 kobolds
  A quokka skeleton (D:5)
  A quokka zombie (D:4)
  8 rats
129 creatures vanquished.

Notes
Turn   | Place    | Note
-------+----------+-------------------------------------------
     0 | D:1      | nujazz the Demonspawn Fire Elementalist began the quest for
                  | the Orb.
     0 | D:1      | Reached XP level 1. HP: 13/13 MP: 3/3
   486 | D:1      | Gained mutation: You have a pair of small antennae on your
                  | head. [demonic ancestry]
   486 | D:1      | Reached XP level 2. HP: 19/19 MP: 0/5
  1162 | D:1      | Gained mutation: You have a pair of antennae on your head.
                  | [demonic ancestry]
  1162 | D:1      | Reached XP level 3. HP: 23/25 MP: 3/6
  1766 | D:2      | Found an opulent altar of Gozag.
  2065 | D:2      | Reached skill level 1 in Fighting
  2297 | D:2      | Reached XP level 4. HP: 32/32 MP: 3/8
  2340 | D:2      | Learned a level 3 spell: Conjure Flame
  3866 | D:4      | Found a transporter.
  3866 | D:4      | Found a transporter.
  3866 | D:4      | Noticed Loudmushroom's ghost (amateur GrFi)
  3937 | D:4      | Reached XP level 5. HP: 34/37 MP: 3/9
  5182 | D:4      | Gained mutation: You are surrounded by a mild repulsion
                  | field. (EV +2) [demonic ancestry]
  5182 | D:4      | Reached XP level 6. HP: 44/44 MP: 8/11
  5742 | D:4      | Reached skill level 5 in Fire Magic
  5856 | D:4      | Found a runed door.
  6057 | D:4      | Noticed Crazy Yiuf
  6225 | D:3      | Learned a level 2 spell: Throw Flame
  6389 | D:5      | Entered Level 5 of the Dungeon
  6625 | D:5      | Gained mutation: You are slightly more attuned to the
                  | shadows. [demonic ancestry]
  6625 | D:5      | Reached XP level 7. HP: 51/51 MP: 3/14
  6804 | D:5      | Found a staircase to the Ecumenical Temple.
  7321 | D:5      | Found a radiant altar of Vehumet.
  7323 | D:5      | Found an ornate altar of the Wu Jian Council.
  7325 | D:5      | Found a shimmering altar of Xom.
  7335 | D:5      | Became a worshipper of Vehumet
  7576 | D:5      | Reached skill level 5 in Spellcasting
  8028 | D:6      | HP: 2/52 [orc warrior/+0 short sword (9)]
  8030 | D:6      | Slain by a ball python

Vault maps used:
D:1:      dpeg_arrival_radiant, minmay_misc_feat_room,
          chequers_hall_statues_wall_a
D:2:      grunt_gozag_statues
D:4:      serial_column_ruins, gammafunk_ghost_mausoleum,
          uniq_crazy_yiuf_cottage
D:5:      gammafunk_temple_overflow_forgotten, minmay_temple_entry_overgrown,
          first_ration, hangedman_decor_growths, grunt_ministairs_2,
          kennysheep_dice
D:6:      cheibrodos_barr_body

Skill      XL: |  1  2  3  4  5  6  7 |
---------------+----------------------+-----
Fire Magic     | 3 4 5 |  5.7
Fighting       | 1 2 3 |  3.3
Spellcasting   | 3 4 5 |  5.1
Dodging        | |  1.9
Stealth        | |  1.9
Conjurations   | |  1.0

Action                   |  1- 3 |  4- 6 |  7- 9 || total
-------------------------+-------+-------+-------++-------
Melee: Club              |     6 |       |       ||     6
       Dagger            |    72 |    60 |       ||   132
       Short sword       |     6 |       |       ||     6
 Fire: Hunting sling     |       |       |    25 ||    25
Throw: Stone             |    14 |   109 |     2 ||   125
 Cast: Flame Tongue      |    53 |   130 |    42 ||   225
       Throw Flame       |       |     5 |       ||     5
       Conjure Flame     |       |     3 |     1 ||     4
  Use: Scroll            |       |     1 |       ||     1
       Potion            |       |     3 |       ||     3
 Stab: Sleeping          |     2 |     2 |       ||     4
  Eat: Chunk             |     4 |     4 |     1 ||     9
       Ration            |       |     3 |     1 ||     4
Armor: Robe              |    36 |    20 |     6 ||    62
       Skin              |       |     6 |       ||     6
Dodge: Dodged            |   100 |    79 |    19 ||   198

Table legend:
 A = Non-vault XP
 B = Vault XP
 C = Vault XP percentage of total XP
 D = Non-vault monster count
 E = Vault monster count
 F = Vault count percentage of total count
                 A         B        C        D         E       F
            +---------+---------+-------+---------+---------+-------
      Total |    1135 |       0 |   0.0 |     129 |       0 |   0.0
            +---------+---------+-------+---------+---------+-------
        D:1 |      48 |       0 |   0.0 |      27 |       0 |   0.0
        D:2 |      57 |       0 |   0.0 |      26 |       0 |   0.0
        D:3 |      99 |       0 |   0.0 |      26 |       0 |   0.0
        D:4 |     453 |       0 |   0.0 |      28 |       0 |   0.0
        D:5 |     472 |       0 |   0.0 |      20 |       0 |   0.0
        D:6 |       6 |       0 |   0.0 |       2 |       0 |   0.0
            +---------+---------+-------+---------+---------+-------
